 Dungeon Crawl Stone Soup version 0.23.2-1-ga50397a (webtiles) character file.

Game seed: 869348439039955271

585 Borgoz the Cudgeler (level 7, 0/44 HPs)
             Began as a Gargoyle Monk on May 25, 2019.
             Slain by a gnoll sergeant
             ... wielding a +4 spear of freezing
              (2 damage)
             ... on level 5 of the Dungeon.
             The game lasted 00:05:05 (4005 turns).

Borgoz the Cudgeler (Gargoyle Monk)                 Turns: 4005, Time: 00:05:06

Health: 0/44       AC: 13    Str: 27    XL:     7   Next: 37%
Magic:  7/7        EV: 12    Int: 10    God:
Gold:   253        SH:  0    Dex: 12    Spells: 6/6 levels left

rFire    . . .     SeeInvis .   a - +0 mace
rCold    . . .     Gourm    .   (no shield)
rNeg     + . .     Faith    .   i - +0 scale mail
rPois    ∞         Spirit   .   m - +1 helmet
rElec    +         Reflect  .   (no cloak)
rCorr    .         Harm     .   (no gloves)
MR       .....                  (no boots)
Stlth    +.........             (no amulet)
HPRegen  0.14/turn              (no ring)
MPRegen  0.10/turn              t - +5 ring of strength

@: mighty
A: negative energy resistance 1, electricity resistance, unbreathing,
petrification resistance, rot immunity, AC +4
a: no special abilities


You were on level 5 of the Dungeon.
You were not hungry.

You visited 1 branch of the dungeon, and saw 5 of its levels.

You collected 253 gold pieces.

Inventory:

Hand Weapons
 a - a +0 mace (weapon)
Armour
 i - a +0 scale mail (worn)
 m - a +1 helmet (worn)
Jewellery
 k - an uncursed ring of flight
 q - an uncursed ring of ice
 t - a +5 ring of strength (right hand)
Scrolls
 d - 2 scrolls of amnesia {unknown}
 e - a scroll of vulnerability {unknown}
 g - 5 scrolls of remove curse {unknown}
 j - 2 scrolls of magic mapping {unknown}
 n - a scroll of enchant weapon {unknown}
 o - a scroll of immolation {unknown}
Potions
 b - a potion of berserk rage {unknown}
 f - a potion of mutation
 l - a potion of curing {unknown}
 p - a potion of haste
 s - a potion of flight
Comestibles
 c - 7 rations
 r - 3 chunks of flesh


   Skills:
 + Level 4.7 Fighting
 * Level 5.3 Maces & Flails
 + Level 3.1 Armour
 * Level 4.4 Dodging
 - Level 2.1 Stealth


You had 6 spell levels left.
You didn't know any spells.
Your spell library was empty.

Dungeon Overview and Level Annotations

Branches:
Dungeon (5/15)
 Temple: D:4-7

Altars:
Dithmenos
Ru
Vehumet
Wu Jian
The Shining One

Shops:
D:5 (

Annotations:
D:3 Ijyb
D:4 Pikel


Innate Abilities, Weirdness & Mutations

You are resistant to torment.
Your stone body is resilient. (AC +4)
You are immune to poison.
You resist negative energy. (rN+)
You are resistant to electric shocks. (rElec)
You can survive without breathing.
You are immune to petrification.
You are immune to rotting.


Message History

You thump the gnoll!
You kill the gnoll!
The gnoll closely misses you.
The gnoll hits you but does no damage. x2
The gnoll sergeant hits you from afar with a +4 spear of freezing.
* * * LOW HITPOINT WARNING * * *
The gnoll sergeant freezes you.
* * * LOW HITPOINT WARNING * * *
The gnoll hits you with a +0 spear.
* * * LOW HITPOINT WARNING * * *
The gnoll sergeant hits you but does no damage.
The gnoll hits you but does no damage. The gnoll barely misses you.
Things that are here:
a +0 flail; a gnoll corpse You sock the gnoll!
The gnoll is almost dead.
The gnoll closely misses you.
The gnoll sergeant hits you with a +4 spear of freezing.
* * * LOW HITPOINT WARNING * * *
The gnoll sergeant freezes you.
You die...

.......###########
.......#..##.....#
#....#.........#
#....#..###'######
#....'..#.........
#....#..#.........
#....####.........
#####g................
#...g@g......#####.)..
#...g........# ....
#............# ##'#
#............# .#
.....#####....# ...+
#..... #....# #..#
#..... +....######..#
#.....#####....#...##..#
###...#....#...##..#


You could see a gnoll sergeant and 3 gnolls.

Vanquished Creatures
  A slave (D:5)
  An ice beast (D:5)
  A necrophage (D:5)
  An ogre (D:4)
  A crimson imp (D:5)
  2 hounds (D:5)
  A bullfrog skeleton (D:5)
  A worker ant (D:4)
  A hound zombie (D:5)
  Robin (D:2)
  2 gnolls (D:5)
  5 adders
  2 oozes
  2 worms
  3 dart slugs
  A leopard gecko (D:4)
  7 orcs
  8 bats
  14 goblins
  5 hobgoblins
  4 kobolds
  4 quokkas
  4 frilled lizards
  3 rats
75 creatures vanquished.

Notes
Turn   | Place    | Note
-------+----------+-------------------------------------------
     0 | D:1      | Borgoz the Gargoyle Monk began the quest for the Orb.
     0 | D:1      | Reached XP level 1. HP: 14/14 MP: 1/1
   545 | D:1      | Reached XP level 2. HP: 19/19 MP: 2/2
  1094 | D:2      | Noticed Robin
  1114 | D:2      | Reached XP level 3. HP: 13/23 MP: 3/3
  1115 | D:2      | Reached skill level 1 in Armour
  1126 | D:2      | Killed Robin
  1642 | D:2      | Found a shadowy altar of Dithmenos.
  1646 | D:2      | Reached XP level 4. HP: 29/29 MP: 4/4
  1819 | D:2      | Found a glowing golden altar of the Shining One.
  2519 | D:3      | Noticed Ijyb
  2655 | D:4      | Reached skill level 4 in Maces & Flails
  2937 | D:4      | Reached XP level 5. HP: 33/33 MP: 5/5
  2989 | D:4      | Noticed an ogre
  3000 | D:4      | Killed an ogre
  3270 | D:4      | Reached XP level 6. HP: 38/38 MP: 6/6
  3311 | D:4      | Found an ornate altar of the Wu Jian Council.
  3315 | D:4      | Found a radiant altar of Vehumet.
  3316 | D:4      | Found a sacrificial altar of Ru.
  3559 | D:4      | Noticed a slave
  3560 | D:4      | Noticed a slave
  3561 | D:4      | Noticed Pikel
  3561 | D:4      | Noticed a slave
  3602 | D:5      | Entered Level 5 of the Dungeon
  3639 | D:5      | Killed a slave
  3721 | D:5      | Found Vogatwa's Weapon Shop.
  3776 | D:5      | Noticed a necrophage
  3777 | D:5      | Noticed an ice beast
  3793 | D:5      | Killed an ice beast
  3793 | D:5      | Reached skill level 5 in Maces & Flails
  3802 | D:5      | Killed a necrophage
  3802 | D:5      | Reached XP level 7. HP: 24/44 MP: 7/7
  4005 | D:5      | HP: 2/44 [gnoll sergeant/+4 spear of freezing (4)]
  4005 | D:5      | Slain by a gnoll sergeant

Skill      XL: |  1  2  3  4  5  6  7 |
---------------+----------------------+-----
Armour         | 1 2 3 |  3.1
Dodging        | 3 4 |  4.4
Maces & Flails | 4 5 |  5.3
Fighting       | 4 |  4.7
Stealth        | |  2.1

Action                   |  1- 3 |  4- 6 |  7- 9 || total
-------------------------+-------+-------+-------++-------
Melee: Mace              |   113 |   245 |    24 ||   382
  Use: Scroll            |       |     4 |       ||     4
       Potion            |       |     4 |     1 ||     5
 Stab: Sleeping          |     1 |       |       ||     1
  Eat: Chunk             |     2 |     8 |       ||    10
Armor: Robe              |     9 |       |       ||     9
       Scale mail        |    88 |   162 |    22 ||   272
       Skin              |       |     2 |       ||     2
Dodge: Dodged            |   103 |   153 |    23 ||   279
